Map: Crête de Lerilak

Players

Plutonun

  • Race: Protoss Protoss

Madara - Winner!

  • Race: Zerg Zerg
  • League: Silver

VOD

Have the link to the VOD?

Description

Time

  • Played on: Nov. 11, 2015, 10:15 a.m.
  • Length: 9:39
Show
View Real Time Build Order
Export as new Build Order

Plutonun Protoss 

Build Orders:  

Get SALT Encoding   

  12  0:00  Probe (Chrono Boost)  
  13  0:11  Probe (Chrono Boost)  
  14  0:18  Pylon  
  14  0:22  Probe (Chrono Boost)  
  15  0:36  Probe (Chrono Boost)  
  15  0:41  Gateway  
  16  0:47  Probe (Chrono Boost)  
  17  0:53  Assimilator  
  17  0:57  Probe (Chrono Boost)  
  17  0:58  Assimilator  
  18  1:08  Probe (Chrono Boost)  
  19  1:11  Gateway  
  20  1:18  Probe (Chrono Boost)  
  20  1:29  Probe (Chrono Boost)  
  21  1:35  Cybernetics Core  
  21  1:39  Probe (Chrono Boost)  
  22  1:50  Probe (Chrono Boost)  
  23  2:03  Pylon  
  23  2:12  Robotics Facility  
  23  2:14  Warp Gate  
  23  2:22  Mothership Core (Chrono Boost)  
  25  2:33  Stalker (Chrono Boost), Pylon  
  27  2:42  Stalker (Chrono Boost)  
  29  3:04  Warp Prism  
  31  3:07  Probe  
  31  3:11  Adept (Chrono Boost)  
  36  3:15  Adept (Chrono Boost)  
  36  3:24  Probe  
  37  3:38  Nexus  
  37  3:41  Probe  
  38  4:03  Probe  
  39  4:10  Pylon  
  39  4:12  Pylon  
  39  4:21  Pylon  
  39  4:25  Pylon  
  39  4:28  Probe  
  39  4:29  Observer  
  41  4:31  Gateway  
  41  4:40  Probe  
  41  4:50  Sentry x2, Probe  
  46  4:53  Probe  
  47  5:01  Probe  
  44  5:20  Adept  
  44  5:21  Adept  
  46  5:49  Probe  
  46  5:52  Sentry x2  
  49  5:59  Probe  
  44  6:06  Twilight Council  
  44  6:07  Probe  
  44  6:11  Stalker  
  47  6:13  Stalker  
  47  6:18  Forge  
  49  6:20  Pylon  
  49  6:24  Gateway  
  47  6:27  Gateway  
  47  6:30  Stalker  
  40  6:52  Probe (Chrono Boost)  
  41  6:55  Stalker  
  41  6:56  Stalker x2  
  47  7:03  Probe (Chrono Boost)  
  47  7:04  Photon Cannon  
  47  7:06  Photon Cannon  
  48  7:10  Probe (Chrono Boost)  
  48  7:11  Photon Cannon  
  48  7:14  Probe (Chrono Boost)  
  50  7:19  Photon Cannon  
  50  7:20  Probe (Chrono Boost)  
  50  7:23  Photon Cannon  
  50  7:24  Probe (Chrono Boost)  
  50  7:31  Probe (Chrono Boost)  
  50  7:35  Probe (Chrono Boost)  
  49  7:45  Mothership Core (Chrono Boost)  
  49  7:47  Probe (Chrono Boost)  
  51  7:55  Templar Archives  
  51  7:56  Pylon  
  51  7:58  Probe (Chrono Boost), Photon Cannon  
  52  8:02  Pylon, Photon Cannon  
  52  8:03  Probe (Chrono Boost)  
  53  8:23  Cybernetics Core, Photon Cannon  
  53  8:25  Photon Cannon  
  53  8:36  Probe (Chrono Boost)  
  53  8:37  Probe (Chrono Boost), Photon Cannon  
  55  8:46  Probe  
  54  8:48  Probe  
  54  8:53  Assimilator  
  55  8:57  Probe  
  55  8:58  Assimilator  
  55  8:59  Stalker  
  55  9:00  Stalker x2, Probe  
  63  9:08  Probe  
  64  9:12  Probe  
  45  9:33  Zealot x2  
  45  9:34  Zealot x3  
Show
View Real Time Build Order
Export as new Build Order

Madara Zerg - Winner!

Build Orders: Hatch First 

Get SALT Encoding   

  12  0:01  Drone  
  13  0:09  Drone  
  14  0:16  Overlord  
  14  0:20  Extractor  
  13  0:23  Drone  
  16  0:35  Drone x2  
  17  0:57  Hatchery  
  17  1:03  Drone x2  
  18  1:05  Extractor  
  17  1:18  Spawning Pool  
  17  1:21  Drone  
  17  1:28  Drone  
  17  1:30  Drone  
  19  1:52  Overlord  
  19  2:05  Queen  
  19  2:07  Metabolic Boost  
  21  2:10  Queen  
  21  2:11  Drone  
  21  2:13  Drone  
  25  2:16  Drone  
  25  2:20  Drone  
  27  2:24  Drone  
  28  2:37  Drone  
  28  2:39  Drone x2  
  31  2:44  Lair  
  31  2:57  Drone x3  
  31  2:58  Drone  
  34  3:07  Overlord  
  34  3:09  Drone  
  35  3:23  Overlord  
  35  3:27  Drone x4  
  35  3:30  Drone x3  
  35  3:31  Drone  
  43  3:34  Extractor  
  43  3:37  Drone  
  43  3:38  Extractor  
  42  3:46  Drone  
  42  3:47  Drone x3  
  46  3:56  Zergling x4  
  46  4:02  Spire, Zergling x6  
  50  4:03  Overlord  
  50  4:09  Spine Crawler  
  49  4:11  Spine Crawler  
  49  4:13  Overlord  
  49  4:17  Overlord  
  48  4:36  Hatchery  
  47  4:50  Drone  
  47  4:51  Drone x6  
  54  4:54  Overlord  
  52  5:28  Mutalisk x6  
  52  5:29  Mutalisk  
  52  5:30  Zergling x2  
  52  5:31  Zergling x8  
  68  5:48  Mutalisk x2  
  69  5:58  Drone  
  69  5:59  Drone x6  
  69  6:00  Drone, Queen  
  79  6:10  Mutalisk  
  81  6:13  Overlord x3  
  81  6:14  Overlord  
  78  6:34  Mutalisk x2  
  80  6:45  Drone  
  80  6:46  Drone x10  
  91  6:49  Extractor  
  91  6:52  Extractor  
  89  6:57  Zergling x4  
  89  6:58  Zergling x2  
  89  6:59  Overlord  
  92  7:03  Hatchery  
  91  7:10  Mutalisk x3  
  97  7:37  Mutalisk x3  
  97  7:38  Mutalisk  
  97  7:39  Zergling x2  
  97  7:40  Zergling x10  
  111  7:49  Hatchery  
  111  7:50  Zergling x4  
  111  7:51  Zergling x10  
  117  8:08  Mutalisk x2  
  117  8:10  Zergling x2  
  117  8:12  Overlord x3  
  122  8:18  Overlord x6  
  122  8:19  Overlord  
  120  8:31  Mutalisk  
  120  8:32  Mutalisk x4  
  120  8:34  Zergling x8  
  134  8:54  Mutalisk x2  
  138  8:56  Zergling x12  
  142  9:05  Zergling x2  
  142  9:06  Zergling x20  
  153  9:15  Infestation Pit  
Tags
 
League
Silver
Matchup
PvZ
Replay Pack
1st pack
Add a new tag
Caveats
  • Supply blocks, unpowered buildings, or Contaminate may cause inaccurate times.
  • Supply counts are checked every 10 seconds.